Match 41363506
Unlisted

Match 41363506
End
Construct Weapon Support Center
Engineer Squad
Selects Heavy Weapons
M1919 Machine Gun Team
Bazooka Squad
Infantry Support Center
Sniper
M3 Armored Personnel Carrier
Selects Assault Carriers
Selects M2HB .50cal Heavy Machine Gun
M1919 Machine Gun Team
Construct Motor Pool
M1 Anti-tank Gun Team
Improved M9 Bazooka Rockets
Bazooka Squad
Selects Rapid Reposition
Advanced Logistics
Survival Training
M1 Anti-tank Gun Team
Selects Halftrack Strongpoints
Construct Tank Depot
M1919 Machine Gun Team
Captain Retinue
Forward Retreat Point
M4A1 Sherman Medium Tank
Engineer Squad
Halftrack Strongpoints
PopcornUggla
blessed MX
TidaL
hepelaion
QuitZera☆
lllandscape
RO-KA
Jrsss
0
0

Comments sign in to comment!

No comments posted yet!